 Dungeon Crawl Stone Soup version 0.31-a0-466-g98c9adc2b6 (webtiles) character file.

Game seed: 17674870621997312367

434 HallandMoats the Trooper (level 6, -2/51 HPs)
             Began as a Demonspawn Monk on Aug 6, 2023.
             Slain by an ogre
             ... wielding a +0 giant club
              (13 damage)
             ... on level 4 of the Dungeon.
             The game lasted 00:06:00 (2618 turns).

HallandMoats the Trooper (Demonspawn Monk)          Turns: 2618, Time: 00:06:00

Health: -2/51      AC:  5    Str: 14    XL:     6   Next: 68%
Magic:  8/8        EV: 11    Int: 15    God:
Gold:   197        SH:  0    Dex: 15    Spells: 5/5 levels left

rFire   . . .        D - +1 trident (venom)
rCold   . . .        d - orb {light}
rNeg    . . .        e - +0 ring mail
rPois   .            (helmet currently unavailable)
rElec   .            (cloak currently unavailable)
rCorr   .            (gloves currently unavailable)
SInv    .            (boots currently unavailable)
Will    .....        (no amulet)
Stlth   +            (no ring)
HPRegen 0.28/turn    (no ring)
MPRegen 0.11/turn

%: no passive effects
@: beast-form, glowing
A: beast (slay +1), powered by death 1, big brain 2, demonic touch 2
a: Begin Untransformation


You were on level 4 of the Dungeon.
You were a hulking beast.
You visited 1 branch of the dungeon, and saw 4 of its levels.
You also visited: Sewer.

You collected 197 gold pieces.

Inventory:

Hand Weapons
 a - a +0 war axe
 D - a +1 trident of venom (weapon)
Armour
 d - an orb of light (worn)
 e - a +0 ring mail (worn)
 u - a +0 buckler
Jewellery
 f - a ring of ice
 n - a ring of ice
 r - a ring of magical power
Talismans
 j - a beast talisman (active)
Scrolls
 b - a scroll of brand weapon {unknown}
 g - 2 scrolls of poison {unknown}
 h - a scroll of fog {unknown}
 k - a scroll of revelation
 q - a scroll of teleportation {unknown}
 s - a scroll of identify {unknown}
 t - 2 scrolls of fear
 w - a scroll of blinking {unknown}
 y - a scroll of summoning
 B - a scroll of enchant weapon {unknown}
Potions
 c - 2 potions of ambrosia
 i - a potion of cancellation {unknown}
 l - a potion of might {unknown}
 m - a potion of degeneration {unknown}
 o - 4 potions of lignification {unknown}
 p - a potion of invisibility {unknown}
 v - a potion of haste {unknown}
 x - 2 potions of curing {unknown}
 z - a potion of mutation {unknown}
 A - a potion of heal wounds {unknown}
 C - a potion of brilliance {unknown}


   Skills:
 * Level 5.4 Fighting
 + Level 3.9 Axes
 - Level 2.6 Dodging
 + Level 3.8 Invocations
 + Level 1.9 Shapeshifting


You had 5 spell levels left.
You didn't know any spells.
Your spell library was empty.

Dungeon Overview and Level Annotations

Branches:
Dungeon (4/15)              Sewer (visited)
 Temple: D:4-7

Altars:
Gozag
Uskayaw
Xom

Shops:
D:2 *


Innate Abilities, Weirdness & Mutations

You are a hulking beast.
Your limbs bulge with bestial killing power. (Slay +1)
You regenerate a little health from kills.
You have an extremely huge brain. (Int +4)
Your touch may inflict irresistible damage on your foes.


Message History

You hit the orc.
You kill the orc!
The orc hits you with a +0 whip.
You hit the orc.
The orc is poisoned.
The orc is almost dead.
You kill the orc!
The orc throws a poisoned dart.
The poisoned dart hits you!
You are poisoned.
An ogre comes into view. It is wielding a +0 giant club.
You feel very sick.
The ogre shouts!
An ogre comes into view. It is wielding a +0 giant spiked club.
The orc hits you with a +0 whip.
Things that are here:
a +0 whip; a +4 ring of protection; an orc corpse The ogre shouts!
You hit the orc.
The orc is moderately wounded.
You feel sick. The orc closely misses you.
You barely miss the orc.
The orc is moderately wounded.
You feel sick. The orc hits you but does no damage.
You hit the orc.
The orc is poisoned.
The orc is almost dead.
You feel sick.
You kill the orc!
You feel sick.
You feel sick.
You feel sick.
You feel sick.
You are no longer poisoned.
The ogre attacks as you move away!
The ogre hits you with a +0 giant club!!
Ouch! That really hurt!
* * * LOW HITPOINT WARNING * * *
As you read the scroll of summoning, it crumbles to dust.
Wisps of shadow whirl around you...
The ogre hits your sleepcap with a +0 giant spiked club!
The ogre hits you with a +0 giant club!
You die...

**,,****#.###)## **,,,**,******
*,,****#....))# **,***,,,,,,,
*,,,,,...###..# *,* ********
**,,***##.###..# *,*
*,,,,,.........# *,*
*,,,**###.##..O# *,*
*,,,*****,*#.#f## *,*
*,,,,,,,#,##..O.####.#
*,,,,,,,#.#...h......#
*,,***,,#.#...Sw####.#
*,,,,,,,#.......# #.#
*,****,,#.......# #.# *,*
*,,#.......# #.#
**,****..###...### #.#
*,,,,,,........######.#
*******..##...[)......##########
**~~~**,,*##....................


You could see 2 ogres, a friendly sleepcap (summoned), a friendly worm
(summoned) and a friendly ball python (summoned).

Vanquished Creatures
  A black bear (D:4)
  2 scorpions (D:4)
  Jessica (D:2)
  14 adders
  6 orcs
  3 bats
  7 endoplasms
  7 giant cockroaches
  9 goblins
  4 hobgoblins
  A quokka (D:1)
  5 ball pythons
  10 frilled lizards
  3 kobolds
  6 rats
79 creatures vanquished.

Notes
Turn   | Place    | Note
-------+----------+-------------------------------------------
     0 | D:1      | HallandMoats the Demonspawn Monk began the quest for the
                  | Orb.
     0 | D:1      | Reached XP level 1. HP: 18/18 MP: 1/1
   138 | D:1      | Reached skill level 1 in Invocations
   138 | D:1      | Gained mutation: Your touch may inflict minor irresistible
                  | damage on your foes. [demonic ancestry]
   138 | D:1      | Reached XP level 2. HP: 24/24 MP: 2/2
   584 | D:2      | Gained mutation: You regenerate a little health from kills.
                  | [demonic ancestry]
   584 | D:2      | Reached XP level 3. HP: 16/30 MP: 4/4
   659 | D:2      | Noticed Jessica
   666 | D:2      | Killed Jessica
   929 | D:2      | Gained mutation: Your touch may inflict irresistible damage
                  | on your foes. [demonic ancestry]
   929 | D:2      | Reached XP level 4. HP: 35/37 MP: 5/5
   954 | D:2      | Reached skill level 4 in Fighting
  1059 | D:2      | Found Plog's General Store.
  1260 | D:3      | Found a faded altar of an unknown god.
  1311 | D:3      | Found a hide-covered altar of Uskayaw.
  1468 | D:3      | Reached skill level 1 in Shapeshifting
  1499 | D:3      | Found an opulent altar of Gozag.
  1734 | D:4      | Found a glowing drain.
  1753 | D:4      | Gained mutation: You have an unusually large brain. (Int
                  | +2) [demonic ancestry]
  1753 | D:4      | Reached XP level 5. HP: 40/43 MP: 6/6
  1774 | Sewer    | Entered a sewer
  2266 | D:4      | Found a shimmering altar of Xom.
  2273 | D:4      | Noticed a black bear
  2285 | D:4      | Killed a black bear
  2286 | D:4      | Reached skill level 5 in Fighting
  2286 | D:4      | Gained mutation: You have an extremely huge brain. (Int +4)
                  | [demonic ancestry]
  2286 | D:4      | Reached XP level 6. HP: 18/51 MP: 8/8
  2618 | D:4      | Slain by an ogre

Illustrated notes

Levels and vault maps discovered:
D:1:      dpeg_arrival_round_b, layout_basic
D:2:      layout_loops_cross, serial_shops, nicolae_shop_just_a_little_nook,
          uniq_jessica
D:3:      layout_rooms, nicolae_gozag_seed_capital,
          eat_drink_and_be_merry_uskayaw, ebering_ecumenical_altar_ruins
D:4:      layout_loops_ring, xom_butterflies,
          nicolae_kikubaaqudgha_miasma_corner,
          worldfamousw_hep_ancestral_shrine, gup_sewer_entry_glass,
          uniq_duvessa, uniq_natasha

Skill      XL: |  1  2  3  4  5 |
---------------+----------------+-----
Invocations    | 1 2 3 |  3.8
Axes           | 3 |  3.9
Fighting       | 4 5 |  5.4
Shapeshifting  | 1 |  1.9
Dodging        | |  2.6

Action                     |  1- 3 |  4- 6 || total
---------------------------+-------+-------++-------
  Melee: Hand axe          |    83 |    61 ||   144
         War axe           |       |    82 ||    82
         Trident           |       |     7 ||     7
    Use: Scroll            |       |     5 ||     5
 Armour: Ring mail         |    29 |    83 ||   112
  Dodge: Dodged            |    55 |   123 ||   178
   Form: Beast             |     1 |       ||     1

Table legend: (Time is in decaauts)
 A = Elapsed time spent in this place.
 B = Non-inter-level travel time spent in this place.
 C = Inter-level travel time spent in this place.
 D = Time resting spent in this place.
 E = Time spent auto-exploring this place.
 F = Levels seen in this place.
 G = Mean time per level.
                   A        B        C        D        E       F      G
               +--------+--------+--------+--------+--------+-----+--------+
         Total |   2729 |   2719 |     10 |    352 |   1522 |   5 |  545.8 |
       Dungeon |   2206 |   2196 |     10 |    349 |   1190 |   4 |  551.5 |
         Sewer |    522 |    522 |      0 |      3 |    332 |   1 |  522.0 |
               +--------+--------+--------+--------+--------+-----+--------+

Top non-repeatable levels by time:
     D:2: 734 daAuts
     D:1: 528 daAuts
   Sewer: 522 daAuts
     D:4: 484 daAuts
     D:3: 459 daAuts
